| TOP OF THE 1ST |
|
Norfolk Tides batting - Pitching for Charlotte Knights : LHP Isaias Felix
|
|
Pitching: LHP Isaias Felix
|
|
|
Batting: RHB Bobby Scholl
|
0-0: Ball 1-0: Swinging Strike 1-1: Reached on error, E1 (Groundball, 13S, EV 63.8 MPH)
|
|
Batting: LHB Tyler Allen
|
0-0: Called Strike 0-1: Called Strike 0-2: Ball 1-2: Ball 2-2: Strikes out swinging
|
|
Batting: RHB Kory Sanchez
|
0-0: Ball 1-0: Called Strike 1-1: Ball Bobby Scholl is caught stealing 2nd base 2-4 2-1: Ball 3-1: Base on Balls
|
|
Batting: RHB Muneer Maudad
|
0-0: Ball 1-0: Ball 2-0: Ball 3-0: Called Strike 3-1: Base on Balls Kory Sanchez to second
|
|
Batting: RHB Mario Saez
|
0-0: Called Strike 0-1: Ball 1-1: Ball 2-1: Ball 3-1: Base on Balls Kory Sanchez to third Muneer Maudad to second
|
|
Batting: RHB Ryan Taylor
|
0-0: Foul Ball, location: 2F 0-1: Ball 1-1: Ball 2-1: Ground out 4-3 (Groundball, 4, EV 105.6 MPH)
|
| Top of the 1st over - 0 runs, 0 hits, 1 error, 3 left on base; Norfolk 0 - Charlotte 0 |
| BOTTOM OF THE 1ST |
|
Charlotte Knights batting - Pitching for Norfolk Tides : RHP Matt Talaski
|
|
Pitching: RHP Matt Talaski
|
|
|
Batting: SHB Alfie Bungledorf
|
0-0: SINGLE (Line Drive, 7S, EV 89.4 MPH)
|
|
Batting: LHB Carlos Ramirez
|
0-0: Ball Wild Pitch! Alfie Bungledorf to second 1-0: Ground out 4-3 (Groundball, 4S, EV 74.4 MPH) Alfie Bungledorf to third
|
|
Batting: LHB Joe Kirkland
|
0-0: Called Strike 0-1: Ball 1-1: Ball 2-1: 2-RUN HOME RUN (Flyball, 78XD, EV 108.8 MPH), Distance : 424 ft
|
|
Batting: RHB Vic Lucatero
|
0-0: Called Strike 0-1: Foul Ball, location: 2F 0-2: Foul Ball, location: 2F 0-2: DOUBLE (Line Drive, 9LM, EV 103.8 MPH)
|
|
Batting: RHB Fletcher Easter
|
0-0: Called Strike 0-1: Swinging Strike 0-2: Ball 1-2: TRIPLE (Flyball, 89XD, EV 101.2 MPH) Vic Lucatero scores
|
|
Batting: LHB Adam Tarbutton
|
0-0: Called Strike 0-1: Ball 1-1: Ball 2-1: Reached on error, E3 (Groundball, 34, EV 102.5 MPH) Fletcher Easter scores
|
|
Batting: RHB Micah Brown
|
0-0: Swinging Strike 0-1: Called Strike Adam Tarbutton is caught stealing 2nd base 2-4 0-2: Ball 1-2: Foul Ball, location: 2F 1-2: Fly out, F7 (Line Drive, 7, EV 91.2 MPH)
|
| Bottom of the 1st over - 4 runs, 4 hits, 1 error, 0 left on base; Norfolk 0 - Charlotte 4 |
| TOP OF THE 2ND |
|
Norfolk Tides batting - Pitching for Charlotte Knights : LHP Isaias Felix
|
|
Batting: LHB Pat Shaddock
|
0-0: Swinging Strike 0-1: Foul Ball, location: 2F 0-2: Ground out 4-3 (Groundball, 4S, EV 88.1 MPH)
|
|
Batting: LHB Jose Chinchilla
|
0-0: Fly out, F8 (Flyball, 8RXD, EV 102.5 MPH)
|
|
Batting: RHB Andy Bridger
|
0-0: Ball 1-0: Fly out, F3 (Popup, 3SF, EV 70.6 MPH)
|
| Top of the 2nd over - 0 runs, 0 hits, 0 errors, 0 left on base; Norfolk 0 - Charlotte 4 |
| BOTTOM OF THE 2ND |
|
Charlotte Knights batting - Pitching for Norfolk Tides : RHP Matt Talaski
|
|
Batting: SHB Matt Childers
|
0-0: Ball 1-0: Fly out, F7 (Flyball, 7D, EV 88.1 MPH)
|
|
Batting: RHB Kikuo Sato
|
0-0: Foul Ball, location: 2F 0-1: SINGLE (Groundball, 23, EV 71.9 MPH) (infield hit)
|
|
Batting: SHB Alfie Bungledorf
|
0-0: Called Strike 0-1: Ball Kikuo Sato steals 2nd base (no throw) 1-1: Swinging Strike 1-2: Fly out, F8 (Flyball, 8RD, EV 90.0 MPH)
|
|
Batting: LHB Carlos Ramirez
|
0-0: Called Strike 0-1: SINGLE (Line Drive, 6D, EV 103.8 MPH) Kikuo Sato to third Runner from 3rd tries for Home, SAFE, throw by CF to home
|
|
Batting: LHB Joe Kirkland
|
0-0: Swinging Strike 0-1: Ball 1-1: Ball 2-1: Ground out 1-3 (Groundball, 23, EV 67.5 MPH)
|
| Bottom of the 2nd over - 1 run, 2 hits, 0 errors, 1 left on base; Norfolk 0 - Charlotte 5 |
| TOP OF THE 3RD |
|
Norfolk Tides batting - Pitching for Charlotte Knights : LHP Isaias Felix
|
|
Batting: RHB Bobby Scholl
|
0-0: Ball 1-0: Ball 2-0: Ball 3-0: Base on Balls
|
|
Batting: LHB Tyler Allen
|
0-0: Called Strike 0-1: Foul Ball, location: 2F 0-2: Ball 1-2: Fielders Choice at 2nd, 4-6 (Groundball, 34, EV 81.9 MPH)
|
|
Batting: RHB Kory Sanchez
|
0-0: Ball Tyler Allen steals 2nd, throwing error, E2 Tyler Allen to third 1-0: Called Strike 1-1: Swinging Strike 1-2: Ball 2-2: Ball 3-2: Fly out, F4 (Popup, 13, EV 85.6 MPH)
|
|
Batting: RHB Muneer Maudad
|
0-0: Ball 1-0: Ball 2-0: Called Strike 2-1: Ball 3-1: Base on Balls
|
|
Batting: RHB Mario Saez
|
0-0: Called Strike 0-1: Foul Ball, location: 2F 0-2: Foul Ball, location: 2F 0-2: Ball 1-2: Ball 2-2: Ball 3-2: Base on Balls Muneer Maudad to second
|
|
Batting: RHB Ryan Taylor
|
0-0: Ball 1-0: Ball 2-0: Ball 3-0: Base on Balls Tyler Allen scores Muneer Maudad to third Mario Saez to second
|
|
Batting: LHB Pat Shaddock
|
0-0: Swinging Strike 0-1: Ball Wild Pitch! Muneer Maudad scores Mario Saez to third Ryan Taylor to second 1-1: Called Strike 1-2: Foul Ball, location: 2F 1-2: Strikes out looking
|
| Top of the 3rd over - 2 runs, 0 hits, 1 error, 2 left on base; Norfolk 2 - Charlotte 5 |
| BOTTOM OF THE 3RD |
|
Charlotte Knights batting - Pitching for Norfolk Tides : RHP Matt Talaski
|
|
Batting: RHB Vic Lucatero
|
0-0: Ball 1-0: Foul Ball, location: 2F 1-1: Ball 2-1: Ball 3-1: Foul Ball, location: 2F 3-2: Strikes out swinging
|
|
Batting: RHB Fletcher Easter
|
0-0: Called Strike 0-1: Ball 1-1: Ball 2-1: Reached on error, E7 (Flyball, 78M, EV 75.0 MPH)
|
|
Batting: LHB Adam Tarbutton
|
0-0: Called Strike 0-1: SINGLE (Line Drive, 9S, EV 91.2 MPH) Fletcher Easter to second Throwing error, E9 Fletcher Easter scores Adam Tarbutton to second
|
|
Pitching: LHP Joel Beery
|
|
|
Batting: RHB Micah Brown
|
0-0: Called Strike 0-1: Foul Ball, location: 2F 0-2: Foul Ball, location: 2F 0-2: Ball 1-2: Ball 2-2: Ball 3-2: Base on Balls
|
|
Batting: SHB Matt Childers
|
0-0: Grounds into double play, 6-4-3 (Groundball, 6, EV 83.8 MPH)
|
| Bottom of the 3rd over - 1 run, 1 hit, 2 errors, 1 left on base; Norfolk 2 - Charlotte 6 |
| TOP OF THE 4TH |
|
Norfolk Tides batting - Pitching for Charlotte Knights : LHP Isaias Felix
|
|
Batting: LHB Jose Chinchilla
|
0-0: Ball 1-0: Ground out 4-3 (Groundball, 4, EV 86.2 MPH)
|
|
Batting: RHB Andy Bridger
|
0-0: Ground out 5-3 (Groundball, 56, EV 93.8 MPH)
|
|
Batting: RHB Bobby Scholl
|
0-0: Ball 1-0: Called Strike 1-1: Ball 2-1: Ball 3-1: Foul Ball, location: 2F 3-2: Fly out, F4 (Line Drive, 4, EV 62.5 MPH)
|
| Top of the 4th over - 0 runs, 0 hits, 0 errors, 0 left on base; Norfolk 2 - Charlotte 6 |
| BOTTOM OF THE 4TH |
|
Charlotte Knights batting - Pitching for Norfolk Tides : LHP Joel Beery
|
|
Batting: RHB Kikuo Sato
|
0-0: Ball 1-0: Called Strike 1-1: Ball 2-1: Called Strike 2-2: SINGLE (Groundball, 56, EV 106.9 MPH) (infield hit)
|
|
Batting: SHB Alfie Bungledorf
|
0-0: Ball Kikuo Sato steals 2nd base (no throw) 1-0: Called Strike 1-1: SINGLE (Line Drive, 6D, EV 108.8 MPH) Kikuo Sato to third Runner from 3rd tries for Home, throw by LF and OUT! 7-2
|
|
Batting: LHB Carlos Ramirez
|
0-0: Ball 1-0: Fielders Choice at 2nd, 5-4 (Groundball, 5, EV 88.8 MPH)
|
|
Batting: LHB Joe Kirkland
|
0-0: Ball 1-0: Foul Ball, location: 2F 1-1: Ball Wild Pitch! Carlos Ramirez to second 2-1: Ground out 4-3 (Groundball, 4, EV 104.4 MPH)
|
| Bottom of the 4th over - 0 runs, 2 hits, 0 errors, 1 left on base; Norfolk 2 - Charlotte 6 |
| TOP OF THE 5TH |
|
Norfolk Tides batting - Pitching for Charlotte Knights : LHP Isaias Felix
|
|
Batting: LHB Tyler Allen
|
0-0: Ground out 5-3 (Groundball, 56D, EV 101.9 MPH)
|
|
Batting: RHB Kory Sanchez
|
0-0: Called Strike 0-1: Ball 1-1: Ball 2-1: SOLO HOME RUN (Flyball, 78XD, EV 105.0 MPH), Distance : 417 ft
|
|
Batting: RHB Muneer Maudad
|
0-0: Ball 1-0: Called Strike 1-1: Ball 2-1: SINGLE (Line Drive, 7S, EV 94.4 MPH)
|
|
Batting: RHB Mario Saez
|
0-0: Ball 1-0: Foul Ball, location: 2F 1-1: Grounds into double play, 5-4-3 (Groundball, 56S, EV 81.9 MPH)
|
| Top of the 5th over - 1 run, 2 hits, 0 errors, 0 left on base; Norfolk 3 - Charlotte 6 |
| BOTTOM OF THE 5TH |
|
Charlotte Knights batting - Pitching for Norfolk Tides : LHP Joel Beery
|
|
Batting: RHB Vic Lucatero
|
0-0: Foul Ball, location: 2F 0-1: Foul Ball, location: 2F 0-2: Ball 1-2: DOUBLE (Groundball, 5L, EV 107.5 MPH)
|
|
Batting: RHB Fletcher Easter
|
0-0: Ball 1-0: Called Strike 1-1: Foul Ball, location: 2F 1-2: Strikes out swinging
|
|
Batting: LHB Adam Tarbutton
|
0-0: Ball 1-0: Ball 2-0: Foul Ball, location: 2F 2-1: Ground out 4-3 (Groundball, 4, EV 80.0 MPH) Vic Lucatero to third
|
|
Batting: RHB Micah Brown
|
0-0: Ball 1-0: Ground out 4-3 (Groundball, 4, EV 88.1 MPH)
|
| Bottom of the 5th over - 0 runs, 1 hit, 0 errors, 1 left on base; Norfolk 3 - Charlotte 6 |
| TOP OF THE 6TH |
|
Norfolk Tides batting - Pitching for Charlotte Knights : LHP Isaias Felix
|
|
Batting: RHB Ryan Taylor
|
0-0: Ball 1-0: Called Strike 1-1: Called Strike 1-2: Foul Ball, location: 2F 1-2: Hit by Pitch
|
|
Batting: LHB Pat Shaddock
|
0-0: Swinging Strike Passed Ball! Ryan Taylor to second 0-1: Foul Ball, location: 2F 0-2: Fly out, F8 (Flyball, 8RS, EV 71.2 MPH)
|
|
Batting: LHB Jose Chinchilla
|
0-0: SINGLE (Line Drive, 5D, EV 94.4 MPH) Ryan Taylor to third
|
|
Batting: RHB Andy Bridger
|
0-0: Ball Jose Chinchilla is caught stealing 2nd base 2-4 1-0: Ball 2-0: Foul Ball, location: 2F 2-1: Ball 3-1: Ground out 6-3 (Groundball, 4M, EV 109.4 MPH)
|
| Top of the 6th over - 0 runs, 1 hit, 0 errors, 1 left on base; Norfolk 3 - Charlotte 6 |
| BOTTOM OF THE 6TH |
|
Charlotte Knights batting - Pitching for Norfolk Tides : LHP Joel Beery
|
|
Batting: SHB Matt Childers
|
0-0: Ball 1-0: Called Strike 1-1: Called Strike 1-2: Ball 2-2: Foul Ball, location: 2F 2-2: Ball 3-2: Strikes out swinging
|
|
Batting: RHB Kikuo Sato
|
0-0: Ball 1-0: Ground out 5-3 (Groundball, 56, EV 101.9 MPH)
|
|
Batting: SHB Alfie Bungledorf
|
0-0: Ball 1-0: Called Strike 1-1: Ball 2-1: Ball 3-1: Ground out 6-3 (Groundball, 6, EV 88.1 MPH)
|
| Bottom of the 6th over - 0 runs, 0 hits, 0 errors, 0 left on base; Norfolk 3 - Charlotte 6 |
| TOP OF THE 7TH |
|
Norfolk Tides batting - Pitching for Charlotte Knights : LHP Isaias Felix
|
|
Pitching: RHP Luis Castillo
|
|
|
Batting: RHB Bobby Scholl
|
0-0: Ground out 6-3 (Groundball, 4M, EV 89.4 MPH)
|
|
Batting: LHB Tyler Allen
|
0-0: Called Strike 0-1: Ball 1-1: Ball 2-1: Ground out 3-1 (Groundball, 13, EV 77.5 MPH)
|
|
Batting: RHB Kory Sanchez
|
0-0: Called Strike 0-1: Ball 1-1: Ball 2-1: Ground out U3 (Groundball, 3S, EV 80.0 MPH)
|
| Top of the 7th over - 0 runs, 0 hits, 0 errors, 0 left on base; Norfolk 3 - Charlotte 6 |
| BOTTOM OF THE 7TH |
|
Charlotte Knights batting - Pitching for Norfolk Tides : LHP Joel Beery
|
|
Pitching: LHP Juan Becerra
|
|
|
Batting: LHB Carlos Ramirez
|
0-0: Foul Ball, location: 2F 0-1: Ball 1-1: SINGLE (Groundball, 34D, EV 98.1 MPH)
|
|
Batting: LHB Joe Kirkland
|
0-0: Ball 1-0: Called Strike 1-1: Swinging Strike 1-2: Fly out, F8 (Line Drive, 8LD, EV 90.6 MPH)
|
|
Batting: RHB Vic Lucatero
|
0-0: Ball 1-0: Ball 2-0: Foul Ball, location: 2F 2-1: Ball 3-1: Called Strike 3-2: Strikes out looking
|
|
Batting: RHB Fletcher Easter
|
0-0: Foul Ball, location: 2F 0-1: Ball 1-1: Ground out 4-3 (Groundball, 4S, EV 67.5 MPH)
|
| Bottom of the 7th over - 0 runs, 1 hit, 0 errors, 1 left on base; Norfolk 3 - Charlotte 6 |
| TOP OF THE 8TH |
|
Norfolk Tides batting - Pitching for Charlotte Knights : RHP Luis Castillo
|
|
Now at 2B: Steve Waltenbery
|
|
|
Batting: RHB Muneer Maudad
|
0-0: Ball 1-0: Called Strike 1-1: Ball 2-1: Ball 3-1: Foul Ball, location: 2F 3-2: Ground out 4-3 (Groundball, 4, EV 80.6 MPH)
|
|
Batting: RHB Mario Saez
|
0-0: Ball 1-0: Ball 2-0: Called Strike 2-1: SINGLE (Groundball, 56D, EV 107.5 MPH)
|
|
Batting: RHB Ryan Taylor
|
0-0: Called Strike 0-1: Grounds into double play, U4-3 (Groundball, 6MD, EV 95.6 MPH)
|
| Top of the 8th over - 0 runs, 1 hit, 0 errors, 0 left on base; Norfolk 3 - Charlotte 6 |
| BOTTOM OF THE 8TH |
|
Charlotte Knights batting - Pitching for Norfolk Tides : LHP Juan Becerra
|
|
Batting: LHB Adam Tarbutton
|
0-0: Called Strike 0-1: Called Strike 0-2: Ground out U3 (Groundball, 3, EV 103.8 MPH)
|
|
Batting: RHB Micah Brown
|
0-0: Ball 1-0: Swinging Strike 1-1: Ball 2-1: Ball 3-1: Base on Balls
|
|
Batting: SHB Matt Childers
|
0-0: Swinging Strike 0-1: Called Strike 0-2: Ball 1-2: Ball 2-2: Ball 3-2: Strikes out swinging
|
|
Batting: RHB Kikuo Sato
|
0-0: Ground out 3-1 (Groundball, 34, EV 106.9 MPH)
|
| Bottom of the 8th over - 0 runs, 0 hits, 0 errors, 1 left on base; Norfolk 3 - Charlotte 6 |
| TOP OF THE 9TH |
|
Norfolk Tides batting - Pitching for Charlotte Knights : RHP Luis Castillo
|
|
Pitching: RHP Dave McGee
|
|
|
Batting: LHB Pat Shaddock
|
0-0: Called Strike 0-1: Called Strike 0-2: Foul Ball, location: 2F 0-2: Strikes out looking
|
|
Batting: LHB Jose Chinchilla
|
0-0: Called Strike 0-1: Ball 1-1: Swinging Strike 1-2: Strikes out swinging
|
|
Pinch Hitting: SHB Brian Bentz
|
0-0: Foul Ball, location: 2F 0-1: Ball 1-1: Ball 2-1: Swinging Strike 2-2: Strikes out swinging
|
| Top of the 9th over - 0 runs, 0 hits, 0 errors, 0 left on base; Norfolk 3 - Charlotte 6 |
|